 Dungeon Crawl Stone Soup version 0.27.0-1-g7a089689b8 (webtiles) character file.

Game seed: 18010921928141418653

53 ZARRMARR the Ruffian (level 3, -1/28 HPs)
             Began as a Draconian Transmuter on Aug 2, 2021.
             Was an Initiate of Vehumet.
             Succumbed to a scorpion's poison
             ... on level 4 of the Dungeon.
             The game lasted 00:16:08 (2662 turns).

ZARRMARR the Ruffian (Draconian Transmuter)         Turns: 2662, Time: 00:16:09

Health: -1/28      AC:  5    Str:  9 (12) XL:     3   Next: 64%
Magic:  5/6        EV: 12    Int: 11 (14) God:    Vehumet [......]
Gold:   113        SH:  0    Dex: 10 (11) Spells: 5/6 levels left

rFire    . . .     SeeInvis .     - Unarmed
rCold    . . .     Faith    .   (no shield)
rNeg     . . .     Spirit   .   (armour unavailable)
rPois    .         Reflect  .   (helmet currently unavailable)
rElec    .         Harm     .   (no cloak)
rCorr    .         Rampage  .   (no gloves)
Will     .....                  (boots currently unavailable)
Stlth    +.........             (no amulet)
HPRegen  0.09/turn              (no ring)
MPRegen  0.10/turn              (no ring)

@: lethally poisoned (-1 -> -8), appendages, attractive, flying
A: horns 2, talons 2, AC +5, unfitting armour, cold-blooded
a: End Transformation, Renounce Religion


You were on level 4 of the Dungeon.
You worshipped Vehumet.
Vehumet was noncommittal.
You had temporarily grown beastly horns and talons.
You visited 1 branch of the dungeon, and saw 4 of its levels.

You collected 113 gold pieces.

Inventory:

Missiles
 a - 29 stones (quivered)
Armour
 h - a +0 pair of boots (melded)
Scrolls
 d - a scroll of holy word {unknown}
 e - a scroll of noise
 i - a scroll of enchant armour
 j - a scroll of fear {unknown}
 l - a scroll of fog {unknown}
Potions
 b - a potion of attraction
 c - a potion of heal wounds {unknown}
 f - a potion of curing {unknown}
 g - a potion of degeneration


   Skills:
 + Level 1.1 Fighting
 + Level 0.3 Throwing
 + Level 1.9 Dodging
 + Level 0.4 Stealth
 + Level 3.9 Unarmed Combat
 + Level 2.4 Spellcasting
 + Level 2.3 Transmutations


You had 5 spell levels left.
You knew the following spells:

 Your Spells              Type           Power      Damage    Failure   Level
a - Beastly Appendage     Tmut           12%        N/A       11%         1

Your spell library contained the following spells:

 Spells                   Type           Power      Damage    Failure   Level
 Wereblood                Tmut           6%         N/A       16%         2
 Spider Form              Tmut/Pois      1%         N/A       45%         3
 Ice Form                 Ice/Tmut       3%         N/A       86%         4


Dungeon Overview and Level Annotations

Branches:
Dungeon (4/15)
 Temple: D:4-7

Altars:
Hepliaklqana
Makhleb
Vehumet
Zin


Innate Abilities, Weirdness & Mutations

You have temporarily grown beastly horns and talons.
Your plain brown scales are hard. (AC +5)
You cannot fit into any form of body armour.
You are cold-blooded and may be slowed by cold attacks.


Message History

Your headbutt misses the scorpion.
The scorpion is heavily wounded.
You feel sick.
The scorpion stings you but does no damage.
You barely miss the scorpion. You claw the scorpion.
The scorpion is heavily wounded.
Your horns disappear.
Your talons disappear.
Your +0 pair of boots unmelds from your body.
You feel sick.
You are no longer poisoned.
The scorpion stings you.
Casting: Beastly Appendage (safe; 9% risk of failure)
Confirm with . or Enter, or press ? or * to list all spells.
You grow a pair of large bovine horns.
Your feet morph into talons.
Your +0 pair of boots melds into your body.
The scorpion stings you but does no damage. x2
You hit the scorpion. Your headbutt misses the scorpion.
The scorpion is almost dead.
The scorpion stings you.
You are lethally poisoned!
The scorpion poisons you!
You barely miss the scorpion.
The scorpion is almost dead.
* * * LOW HITPOINT WARNING * * *
You feel very sick. The scorpion misses you.
It was a potion of attraction.
You feel attractive to monsters.
* * * LOW HITPOINT WARNING * * *
You feel very sick.
The scorpion stings you but does no damage.
It was a potion of degeneration.
There was something very wrong with that liquid.
You feel weakened.
You feel dopey.
You feel clumsy.
* * * LOW HITPOINT WARNING * * *
You feel sick. The scorpion misses you.
It was a potion of flight.
You feel very buoyant.
You fly up into the air.
You die...

.8..# .. ....# ..
.# #...... ...
##...#.
...##..(.. .. .
....#.... ###.#
..
#......s##.....
.###....@#......
....##.........
##...##......).
#............
#......#.....
#<#....#.....
#..##.......8.
....#..........
...#.........8.8.


You could see a scorpion.

Vanquished Creatures
  A worm (D:3)
  3 dart slugs
  8 endoplasms
  3 hobgoblins
  6 kobolds
  3 quokkas (D:1)
  A ball python (D:1)
  5 bats
  3 frilled lizards
  3 goblins
  5 rats
41 creatures vanquished.

Notes
Turn   | Place    | Note
-------+----------+-------------------------------------------
     0 | D:1      | ZARRMARR the Draconian Transmuter began the quest for the
                  | Orb.
     0 | D:1      | Reached XP level 1. HP: 16/16 MP: 3/3
   339 | D:1      | Reached XP level 2. HP: 19/21 MP: 3/5
  1142 | D:1      | Reached XP level 3. HP: 24/28 MP: 4/6
  2189 | D:3      | Found a burning altar of Makhleb.
  2240 | D:3      | Found a hazy altar of Hepliaklqana.
  2250 | D:3      | Found a radiant altar of Vehumet.
  2279 | D:3      | Became a worshipper of Vehumet
  2310 | D:3      | Found a faded altar of an unknown god.
  2425 | D:3      | Found a glowing silver altar of Zin.
  2639 | D:4      | Noticed a scorpion
  2661 | D:4      | HP: 1/28 [poisoned by a scorpion]
  2662 | D:4      | Succumbed to a scorpion's poison

Illustrated notes

Levels and vault maps discovered:
D:1:      wander_arrival_chamber, layout_basic
D:2:      layout_rooms
D:3:      layout_rooms, lemuel_crystal_altar, overflow_temple_1_default,
          mainiacjoe_overflow_catwalk_spiral, shapermc_ecumenical_altar_gd
D:4:      layout_cave_pools, okawaru_altar_gauntlet_db, grunt_dithmenos_smoke,
          serial_column_ruins, column_ruins_hut, column_ruins_open_medium,
          column_ruins_grid_4, column_ruins_open_tiny,
          column_ruins_columns_corner, column_ruins_grid_1,
          column_ruins_open_tiny, serial_shops, nicolae_shop_behind_doors,
          uniq_pikel, uniq_sigmund, uniq_grinder, uniq_crazy_yiuf_cottage

Action                   || total
-------------------------++-------
Melee: Unarmed           ||    95
       Kick              ||    15
       Tailslap          ||     8
       Headbutt          ||     7
       Punch             ||     1
Throw: Stone             ||    42
 Cast: Beastly Appendage ||    32
  Use: Scroll            ||     3
       Potion            ||     3
 Stab: Sleeping          ||     3
Armor: Skin              ||    22
Dodge: Dodged            ||    46
